 Dungeon Crawl Stone Soup version 0.31.0-32-g396128a36d (webtiles) character file.

Game seed: 17593547567072864876

42 gohu the Magician (level 3, 0/25 HPs)
             Began as a Djinni Fire Elementalist on Mar 14, 2024.
             Slain by a ribbon worm (7 damage)
             ... on level 2 of the Dungeon.
             The game lasted 00:01:59 (1089 turns).

gohu the Magician (Djinni Fire Elementalist)        Turns: 1089, Time: 00:02:00

Health: 0/25       AC:  3    Str:  7    XL:     3   Next: 80%
Gold:   94         EV:  6    Int: 18    God:
                   SH:  0    Dex: 13

rFire   + + .        (no weapon)
rCold   x . .        (no shield)
rNeg    . . .        a - +0 robe
rPois   ∞            f - +0 helmet
rElec   .            (no cloak)
rCorr   .            (no gloves)
SInv    .            (boots unavailable)
Will    .....        (no amulet)
Stlth   ++           (no ring)
HPRegen 0.24/turn    (no ring)
MPRegen 0.00/turn

%: infuse magic (-1 HP)
@: flying, held
A: sickness immunity, fire resistance 2, cold vulnerability 1, float, innate
caster, HP casting, extra vitality 1
a: no special abilities


You were on level 2 of the Dungeon.
You visited 1 branch of the dungeon, and saw 2 of its levels.

You collected 94 gold pieces.

Inventory:

Armour
 a - a +0 robe (worn)
 f - a +0 helmet (worn)
Jewellery
 g - a +5 ring of evasion
Wands
 h - a wand of flame (23)
Scrolls
 b - a scroll of fog {unknown}
 d - 2 scrolls of vulnerability {unknown}
 e - a scroll of identify {unknown}
Potions
 c - 2 potions of might {unknown}


   Skills:
 - Level 2.1 Dodging
 - Level 1.5 Stealth
 * Level 4.0 Spellcasting
 * Level 4.0 Conjurations
 * Level 4.0 Hexes
   Level 0.0 Charms
 * Level 4.0 Summonings
 * Level 4.0 Necromancy
 * Level 4.0 Translocations
   Level 0.0 Transmutations
 * Level 4.0 Fire Magic
 * Level 4.0 Ice Magic
 * Level 4.0 Air Magic
 * Level 4.0 Earth Magic
 * Level 4.0 Alchemy


You knew the following spells:

 Your Spells              Type           Power      Damage    Failure   Level
a - Foxfire               Conj/Fire      72%        2x1d7     2%          1
b - Scorch                Fire           36%        2d6       4%          2
c - Volatile Blastmotes   Fire/Tloc      36%        2d13      9%          3
d - Inner Flame           Hex/Fire       18%        N/A       9%          3
e - Flame Wave            Conj/Fire      18%        2d7       26%         4
f - Freeze                Ice            72%        1d8       2%          1
Your spell library was empty.

Dungeon Overview and Level Annotations

Branches:
Dungeon (2/15)

Altars:


Innate Abilities, Weirdness & Mutations

You are immune to sickness and miasma.
You are immune to poison.
Your flesh is very heat resistant. (rF++)
You are vulnerable to cold. (rC-)
You float through the air rather than walking.
You learn spells naturally, not from books.
Your magical power is your life essence.
You have superior vitality. (+4 MHP)


Message History

The ribbon worm completely misses you.
Casting: Scorch (safe; 4% risk of failure)
Confirm with . or Enter, or press ? or * to list all spells.
Flames lash the bat.
You kill the bat!
The ribbon worm expels a string of sticky webbing.
The stream of webbing hits you but does no damage.
You are caught in a web!
A giant cockroach comes into view.
Casting: Scorch (safe; 4% risk of failure)
Confirm with . or Enter, or press ? or * to list all spells.
Flames lash the ribbon worm.
The ribbon worm is burned terribly!
The ribbon worm is severely wounded.
The ribbon worm bites you.
The giant cockroach waves its antennae.
The ribbon worm bites you.
Casting: Scorch (safe; 4% risk of failure)
Confirm with . or Enter, or press ? or * to list all spells.
Flames lash the giant cockroach.
The giant cockroach is moderately wounded.
The giant cockroach's fire resistance burns away.
The ribbon worm barely misses you.
The giant cockroach bites you but does no damage.
Casting: Scorch (safe; 4% risk of failure)
Confirm with . or Enter, or press ? or * to list all spells.
Flames lash the ribbon worm.
The ribbon worm is burned terribly!
The ribbon worm is almost dead.
The ribbon worm expels a string of sticky webbing.
The stream of webbing hits you but does no damage.
You are even more entangled.
The giant cockroach barely misses you.
The giant cockroach is no longer more vulnerable to fire.
The giant cockroach closely misses you. The ribbon worm barely misses you.
Casting: Scorch (safe; 4% risk of failure)
Confirm with . or Enter, or press ? or * to list all spells.
Flames lash the giant cockroach but do no damage.
The giant cockroach barely misses you. The ribbon worm bites you.
* * * LOW HITPOINT WARNING * * *
The giant cockroach bites you but does no damage. x2
The ribbon worm bites you!
You die...

#..#.# ........# #..#..
........## # ##..###
$......... . ......
.........#.# #..###
.(.......#.# #.....
...........########..###
......†w................
......B@####.####...####
....##.#................
. #.#...##.###.######
#.....+..........##
###...##=#†..###.##
#.#..........# #
...#.##.....### #
#.###.##.....# ## #.
#.###>..... ..


You could see a ribbon worm (catching breath, combustible) and a giant
cockroach.

Vanquished Creatures
  Robin (D:2)
  5 bats
  2 endoplasms
  11 goblins (D:2)
  2 hobgoblins
  A quokka (D:1)
  4 ball pythons (D:1)
  A kobold (D:1)
  A rat (D:2)
28 creatures vanquished.

Vanquished Creatures (others)
  78 foxfires
78 creatures vanquished.

Grand Total: 106 creatures vanquished

Notes
Turn   | Place    | Note
-------+----------+-------------------------------------------
     0 | D:1      | gohu the Djinni Fire Elementalist began the quest for the
                  | Orb.
     0 | D:1      | gohu set off with the following spells memorised: Foxfire,
                  | Scorch, Volatile Blastmotes, Inner Flame, Flame Wave.
     0 | D:1      | Reached XP level 1. HP: 15/15 MP: 0/0
   109 | D:1      | Found a faded altar of an unknown god.
   132 | D:1      | Reached XP level 2. HP: 21/21 MP: 0/0
   857 | D:2      | Reached XP level 3. HP: 21/25 MP: 0/0
   857 | D:2      | Learned a level 1 spell: Freeze
   911 | D:2      | Noticed Robin
   921 | D:2      | Killed Robin
  1089 | D:2      | Slain by a ribbon worm

Illustrated notes

Levels and vault maps discovered:
D:1:      heliophobic_arrival_henge, layout_basic,
          nicolae_ecumenical_snake_handling,
          nicolae_concentric_dashed_squares_wild
D:2:      layout_basic, uniq_robin

Skill      XL: |  1  2  3 |
---------------+----------+-----
Spellcasting   | 4 |  4.0
Conjurations   | 4 |  4.0
Hexes          | 4 |  4.0
Summonings     | 4 |  4.0
Necromancy     | 4 |  4.0
Translocations | 4 |  4.0
Fire Magic     | 4 |  4.0
Ice Magic      | 4 |  4.0
Air Magic      | 4 |  4.0
Earth Magic    | 4 |  4.0
Alchemy        | 4 |  4.0
Dodging        | |  2.1
Stealth        | |  1.5

Action                     || total
---------------------------++-------
   Cast: Foxfire           ||    45
         Scorch            ||     7
 Armour: Robe              ||    14
  Dodge: Dodged            ||    12
